 Dungeon Crawl Stone Soup version 0.29-a0-857-g9b1aa3ac5b (webtiles) character file.

Game seed: 14652616537752688313

262 HoaS the Shooter (level 6, -3/35 HPs)
             Began as a Gargoyle Hunter on July 16, 2022.
             Slain by a human zombie (5 damage)
             ... in an ossuary.
             The game lasted 00:04:57 (2560 turns).

HoaS the Shooter (Gargoyle Hunter)                  Turns: 2560, Time: 00:04:58

Health: -3/35      AC: 10    Str: 14    XL:     6   Next: 18%
Magic:  6/6        EV: 11    Int: 10    God:
Gold:   246        SH:  0    Dex: 15    Spells: 5/5 levels left

rFire   . . .      SeeInvis .   a - +0 shortbow
rCold   . . .      Faith    .   (shield currently unavailable)
rNeg    + . .      Spirit   .   c - +0 leather armour
rPois   ∞          Reflect  .   j - +1 helmet
rElec   +          Harm     .   t - +0 cloak
rCorr   +          Rampage  .   (no gloves)
Will    .....                   (no boots)
Stlth   ++........              q - amulet of the acrobat
HPRegen 0.11/turn               k - ring of resist corrosion
MPRegen 0.10/turn               (no ring)

@: no status effects
A: sickness immunity, AC +4, negative energy resistance 1, electricity
resistance, torment resistance 1, petrification resistance
a: no special abilities


You were in an ossuary.
You visited 1 branch of the dungeon, and saw 4 of its levels.
You also visited: Ossuary.

You collected 246 gold pieces.

Inventory:

Hand Weapons
 a - a +0 shortbow (weapon)
Armour
 c - a +0 leather armour (worn)
 j - a +1 helmet (worn)
 m - a +0 ring mail
 t - a +0 cloak (worn)
Jewellery
 k - a ring of resist corrosion (left hand)
 o - a ring of ice
 q - an amulet of the acrobat (around neck)
Scrolls
 b - a scroll of immolation
 d - 2 scrolls of fear
Potions
 f - 3 potions of curing
 g - a potion of haste
 h - a potion of lignification {unknown}
 i - a potion of cancellation {unknown}
 l - a potion of mutation {unknown}
 n - 2 potions of attraction {unknown}
 p - a potion of brilliance {unknown}


   Skills:
 - Level 2.1 Fighting
 + Level 7.3 Ranged Weapons
 - Level 1.5 Dodging
 - Level 1.1 Stealth


You had 5 spell levels left.
You didn't know any spells.
Your spell library contained the following spells:

 Spells                   Type           Power      Damage    Failure   Level
 Confusing Touch          Hex            0%         N/A       82%         3
 Portal Projectile        Hex/Tloc       0%         N/A       82%         3
 Tukima's Dance           Hex            0%         N/A       82%         3
 Blade Hands              Tmut           0%         N/A       100%        5
 Yara's Violent Unravell  Hex/Tmut       0%         3d3       100%        5
 Enfeeble                 Hex            0%         N/A       100%        7


Dungeon Overview and Level Annotations

Branches:
Dungeon (4/15)            Ossuary (1/1)
 Temple: D:4-7

Altars:
Ru


Innate Abilities, Weirdness & Mutations

You are immune to sickness and miasma.
Your stone body is resilient. (AC +4)
You are immune to poison.
You resist negative energy. (rN+)
You are resistant to electric shocks. (rElec)
You are resistant to unholy torment.
You are immune to petrification.


Message History

You shoot an arrow. The arrow hits the jackal zombie.
The jackal zombie is moderately damaged.
The adder zombie barely misses you. The jackal zombie bites you.
* * * LOW HITPOINT WARNING * * *
The jackal zombie bites you but does no damage.
The hobgoblin zombie barely misses you.
The kobold zombie hits you but does no damage.
The adder zombie bites you but does no damage.
The kobold zombie hits you but does no damage.
The jackal zombie misses you.
Fire: a) +0 shortbow
Press: ? - help, Q - select action Shift-Dir - straight line, f/p - jackal zombie
Aim: a jackal zombie (moderately damaged, 73% to hit)
You shoot an arrow. The arrow hits the jackal zombie!
You destroy the jackal zombie!
The human zombie barely misses you. The hobgoblin zombie barely misses you.
The adder zombie misses you. The jackal zombie closely misses you.
The kobold zombie closely misses you. The kobold zombie barely misses you.
Fire: a) +0 shortbow
Press: ? - help, Q - select action Shift-Dir - straight line, f - human zombie
Aim: a human zombie (70% to hit)
You shoot an arrow. The arrow hits the human zombie.
The human zombie is lightly damaged.
The jackal zombie bites you but does no damage.
The adder zombie bites you but does no damage.
The human zombie hits you.
* * * LOW HITPOINT WARNING * * *
The hobgoblin zombie barely misses you.
The orc zombie hits you but does no damage.
The kobold zombie barely misses you.
The kobold zombie hits you but does no damage.
Fire: a) +0 shortbow
Press: ? - help, Q - select action Shift-Dir - straight line, f/p - human zombie
Aim: a human zombie (lightly damaged, 70% to hit)
You shoot an arrow.
The arrow hits the human zombie but does no damage.
The human zombie is lightly damaged.
The jackal zombie barely misses you. The adder zombie closely misses you.
The human zombie hits you.
You die...

...............
...............
...............
...............
...............
...............
......ZZZ......
.......@Z......
......ZZZ......
...............
...............
...............
...............
...............
...............


You could see an adder zombie, a jackal zombie, a hobgoblin zombie, 2 kobold
zombies, an orc zombie and a human zombie.

Vanquished Creatures
  An elf zombie (Ossuary)
  An orc priest (D:3)
  Robin (D:2)
  A gnoll (D:1)
  6 adders
  2 adder zombies (Ossuary)
  2 worms (D:2)
  4 orcs (D:3)
  4 ball pythons
  An endoplasm (D:2)
  2 giant cockroaches (D:2)
  13 goblins
  10 hobgoblins
  4 jackals (D:1)
  3 quokkas (D:1)
  6 bats
  3 frilled lizards
  A jackal zombie (Ossuary)
  2 kobolds
  An orc zombie (Ossuary)
  6 rats
74 creatures vanquished.

Notes
Turn   | Place    | Note
-------+----------+-------------------------------------------
     0 | D:1      | HoaS the Gargoyle Hunter began the quest for the Orb.
     0 | D:1      | Reached XP level 1. HP: 12/12 MP: 1/1
   187 | D:1      | Reached XP level 2. HP: 17/17 MP: 2/2
   320 | D:1      | Reached XP level 3. HP: 21/21 MP: 3/3
   328 | D:1      | Found a faded altar of an unknown god.
   400 | D:1      | Reached skill level 5 in Ranged Weapons
   930 | D:2      | Reached XP level 4. HP: 24/26 MP: 4/4
  1527 | D:3      | Noticed Robin
  1549 | D:2      | Reached skill level 6 in Ranged Weapons
  1567 | D:2      | Killed Robin
  1720 | D:3      | Reached XP level 5. HP: 30/30 MP: 5/5
  2106 | D:3      | Found a sacrificial altar of Ru.
  2505 | D:4      | Found a sand-covered staircase.
  2510 | Ossuary  | Entered an ossuary
  2554 | Ossuary  | Reached skill level 7 in Ranged Weapons
  2554 | Ossuary  | Reached XP level 6. HP: 12/35 MP: 6/6
  2560 | Ossuary  | Slain by a human zombie

Illustrated notes

Levels and vault maps discovered:
D:1:      amcnicky_arrival_wind_blow, layout_basic,
          hellmonk_ecumenical_altar_zigzags
D:2:      layout_basic, chequers_serial_rivers_small_3
D:3:      layout_loops_ring, hangedman_ru_absence, uniq_robin
D:4:      gammafunk_steamed_eel, layout_layer_cave,
          mainiacjoe_overflow_alcove_1, serial_shops, shop,
          lightli_ossuary_entry_decrepit_ruins, palyth_stone_intersect
Ossuary:  ossuary_minmay_tomb_2a

Skill      XL: |  1  2  3  4  5 |
---------------+----------------+-----
Ranged Weapons | 5 6 7 |  7.3
Fighting       | |  2.1
Dodging        | |  1.5
Stealth        | |  1.1

Action                   |  1- 3 |  4- 6 || total
-------------------------+-------+-------++-------
 Fire: Shortbow          |    91 |   182 ||   273
  Use: Scroll            |       |    10 ||    10
       Potion            |       |     1 ||     1
Armor: Leather armour    |    27 |   166 ||   193
Dodge: Dodged            |    21 |   226 ||   247

Table legend: (Time is in decaauts)
 A = Elapsed time spent in this place.
 B = Non-inter-level travel time spent in this place.
 C = Inter-level travel time spent in this place.
 D = Time resting spent in this place.
 E = Time spent auto-exploring this place.
 F = Levels seen in this place.
 G = Mean time per level.
                   A        B        C        D        E       F      G
               +--------+--------+--------+--------+--------+-----+--------+
         Total |   2634 |   2515 |    119 |    410 |   1569 |   5 |  526.8 |
       Dungeon |   2574 |   2455 |    119 |    410 |   1569 |   4 |  643.5 |
       Ossuary |     59 |     59 |      0 |      0 |      0 |   1 |   59.0 |
               +--------+--------+--------+--------+--------+-----+--------+

Top non-repeatable levels by time:
     D:2: 938 daAuts
     D:3: 900 daAuts
     D:1: 646 daAuts
     D:4: 90 daAuts
 Ossuary: 59 daAuts
